AoeStats
← fixgamesdp

Arabia

510313874Analyzed
1v1 RM · 22h ago on Sep 30, 2026· 27m 31s· 2 players
Game mode
Random Map
Map size
Tiny (2 player)
Population
200
Speed
Normal
Resources
Standard
Victory
Conquest
Starting age
Dark Age
Ending age
Imperial Age
RankedLock teamsTeams togetherTeam positionsShared explorationLock speedFull tech treeHidden civsTurbo modeCheats
Victory
Defeat
🇦🇷 Spanish · Argentina
253
+11
🇫🇷 Spanish · France
147
-11
Valahryan
0:27 Loom
16:15 Feudal Age
16:53 Double-Bit Axe
16:53 Horse Collar
18:08 Man-at-Arms
19:37 Stone Mining
25:06 Wheelbarrow
24:47 Gold Mining
25:07 Arson
fixgamesdp
2:47 Loom
10:55 Feudal Age
15:12 Town Watch
20:58 Bloodlines
21:14 Fishing Lines
21:38 Horse Collar
24:22 Castle Age
23:17 Double-Bit Axe
23:57 Stone Mining
24:27 Padded Archer Armor
24:18 Fletching
25:42 Wheelbarrow
27:08 Gillnets
Connection lost

Rejoining the realm…

Still unreachable

The connection could not be restored.

Session expired

The server has moved on; the page needs a fresh start.